 Dungeon Crawl Stone Soup version 0.29.0-10-g45618ea6d2 (webtiles) character file.

Game seed: 5257317153664670755

32 SensoryNuts the Trooper (level 3, -1/29 HPs)
             Began as a Demonspawn Fighter on Sept 1, 2022.
             Slain by an orc
             ... wielding a +0 vorpal hand axe
              (5 damage)
             ... on level 3 of the Dungeon.
             The game lasted 00:01:10 (1676 turns).

SensoryNuts the Trooper (Demonspawn Fighter)        Turns: 1676, Time: 00:01:10

Health: -1/29      AC:  7    Str: 16    XL:     3   Next: 8%
Magic:  3/3        EV:  8    Int:  9    God:
Gold:   120        SH:  9    Dex: 14    Spells: 2/2 levels left

rFire   . . .      SeeInvis .   a - +0 long sword
rCold   . . .      Faith    .   c - +0 buckler
rNeg    . . .      Spirit   .   b - +0 scale mail
rPois   .          Reflect  .   (no helmet)
rElec   .          Harm     .   (no cloak)
rCorr   .          Rampage  .   h - +0 pair of gloves
Will    .....                   (no boots)
Stlth   ..........              (no amulet)
HPRegen 0.09/turn               (no ring)
MPRegen 0.08/turn               (no ring)

@: no status effects
A: hooves 1, condensation shield
a: no special abilities


You were on level 3 of the Dungeon.
You visited 1 branch of the dungeon, and saw 3 of its levels.

You collected 120 gold pieces.

Inventory:

Hand Weapons
 a - a +0 long sword (weapon)
Armour
 b - a +0 scale mail (worn)
 c - a +0 buckler (worn)
 h - a +0 pair of gloves (worn)
Scrolls
 e - 2 scrolls of teleportation
 j - a scroll of identify
Potions
 d - a potion of might
 f - a potion of attraction
 g - a potion of curing {unknown}
 i - a potion of cancellation {unknown}
 k - a potion of resistance
 l - a potion of flight


   Skills:
 + Level 3.2 Fighting
 * Level 2.4 Long Blades
 + Level 3.0 Armour
 + Level 0.2 Stealth
 + Level 2.9 Shields


You had 2 spell levels left.
You didn't know any spells.
Your spell library contained the following spells:

 Spells                   Type           Power      Damage    Failure   Level
 Dazzling Flash           Conj/Hex       0%         N/A       99%         3
 Iskenderun's Mystic Bla  Conj/Tloc      0%         2d3       100%        4
 Starburst                Conj/Fire      0%         6d3       100%        6


Dungeon Overview and Level Annotations

Branches:
Dungeon (3/15)

Altars:

Shops:
D:1 (


Innate Abilities, Weirdness & Mutations

You have large cloven feet.
A meltable shield of frost defends you. (SH +4)


Message History

The bat barely misses you.
You now have 120 gold pieces (gained 10). 4 orcs come into view.
An orc is wielding a +0 vorpal hand axe.
The orc shouts! x4; You hear a shout!
The bat hits you but does no damage. You block the bat's attack.
There are monsters nearby!
There are monsters nearby!
There are monsters nearby!
There are monsters nearby!
Found 13 gold pieces.
The bat hits you but does no damage. x2
You hit the bat.
The bat is heavily wounded.
The bat hits you but does no damage.
An orc comes into view. It is wielding a +0 dagger.
You block the bat's attack.
You hit the bat. You kick the bat.
You kill the bat!
You block the orc's attack.
You slash the orc!
You kill the orc!
The orc barely misses you. You block the orc's attack.
The orc barely misses you. You block the orc's attack.
You hit the orc.
The orc is heavily wounded.
The orc hits you but does no damage. The orc hits you with a +0 hand axe.
You block the orc's attack.
You barely miss the orc.
The orc is heavily wounded.
The orc hits you with a +0 vorpal hand axe.
The orc hits you with a +0 hand axe. The orc hits you but does no damage.
You hit the orc.
The orc is severely wounded.
You block the orc's attack. The orc hits you with a +0 hand axe.
You block the orc's attack. The orc hits you with a +0 hand axe.
* * * LOW HITPOINT WARNING * * *
The orc hits you with a +0 hand axe.
* * * LOW HITPOINT WARNING * * *
The orc hits you with a +0 vorpal hand axe.
You die...

##########
#####
###.........
....#
.........#
###.#
#####.#o..#
#.....@oo.#
#.###.#o....#
#.#.#..$..
#.# #.#.#
###. #.#
#.#.# #.#
#.#####.#.#
#.#
#...<...#.#
#.#
########.#.#
#.#
.........#


You could see 4 orcs.

Vanquished Creatures
  A worm (D:2)
  An orc (D:3)
  3 ball pythons
  A bat (D:3)
  4 endoplasms
  2 goblins
  A hobgoblin (D:2)
  2 frilled lizards
  4 kobolds
  8 rats
27 creatures vanquished.

Notes
Turn   | Place    | Note
-------+----------+-------------------------------------------
     0 | D:1      | SensoryNuts the Demonspawn Fighter began the quest for the
                  | Orb.
     0 | D:1      | Reached XP level 1. HP: 18/18 MP: 1/1
   305 | D:1      | Found Gisy's Weapon Boutique.
   314 | D:1      | Gained mutation: A meltable shield of frost defends you.
                  | (SH +4) [demonic ancestry]
   314 | D:1      | Reached XP level 2. HP: 21/24 MP: 2/2
   459 | D:1      | Found a faded altar of an unknown god.
  1604 | D:3      | Gained mutation: You have large cloven feet. [demonic
                  | ancestry]
  1604 | D:3      | Reached XP level 3. HP: 29/29 MP: 3/3
  1676 | D:3      | Slain by an orc

Illustrated notes

Levels and vault maps discovered:
D:1:      beargit_arrival_diablo_church, layout_basic,
          shapermc_ecumenical_altar_ellora, serial_shops,
          nicolae_shop_bloodbath_and_beyond, corexii_item_surrounded_by_moat,
          amcnicky_mini_rare_corridor_liquid, minmay_pentomino_w2
D:2:      layout_rooms
D:3:      layout_basic

Skill      XL: |  1  2 |
---------------+-------+-----
Long Blades    | 2 |  2.4
Armour         | 3 |  3.0
Fighting       | |  3.2
Stealth        | |  0.2
Shields        | |  2.9

Action                   || total
-------------------------++-------
Melee: Long sword        ||    67
       Kick              ||     1
  Use: Scroll            ||     7
Armor: Scale mail        ||    23
Dodge: Dodged            ||    18
Block: Buckler           ||    33
